General information
- name: BNet
- type: Ladder team game (AT/RT)
- host: Battle.net
- saver: DON-BON-WONG
map: MarketSquare
- players: 8
- length: 1729:22
- speed: Fast
- version: 1.27 W3XP
- replay type: Public
» download(2573 KB)
Players
team 1 (winner)

»
Indra[MN] (
teal | 35 APM | 2720 actions | 76:49)
7 Mountain King
3 Storm Bolt
3 Bash
1 Avatar
2 Paladin
1 Holy Light
1 Divine Shield
» actions
| Assign group hotkey | 23 | |
| Basic commands | 113 | |
| Build / train | 72 | |
| Enter build submenu | 26 | |
| Enter hero's abilities submenu | 9 | |
| Right click | 1675 | |
| Select / deselect | 455 | |
| Select group hotkey | 233 | |
| Use ability | 114 | |
2720 total
» units
| Peasant | 23 | |
| Footman | 5 | |
| Gryphon Rider | 11 | |
39 total
» upgrades
| Defend | 1 | |
| Masonry | 2 | |
| Lumber Harvesting | 2 | |
| Storm Hammers | 1 | |
| Swords | 1 | |
| Armor | 1 | |
8 total
» buildings
| Altar of Kings | 2 | |
| Farm | 15 | |
| Barracks | 1 | |
| Scout Tower | 10 | |
| Arcane Tower | 1 | |
| Arcane Vault | 1 | |
| Lumber Mill | 1 | |
| Keep | 1 | |
| Blacksmith | 1 | |
| Gryphon Aviary | 2 | |
| Castle | 1 | |
| Guard Tower | 3 | |
| Town Hall | 2 | |
41 total
» build order
00:13 Altar of Kings
00:19 Farm
00:32 Barracks
00:55 Scout Tower
01:24 Arcane Tower
01:28 Farm
02:05 Farm
02:41 Arcane Vault
02:47 Farm
03:31 Lumber Mill
03:50 Farm
04:12 Keep
04:38 Blacksmith
05:59 Farm
06:00 Farm
06:02 Farm
06:03 Farm
06:03 Farm
06:06 Farm
06:07 Farm
06:40 Gryphon Aviary
06:44 Gryphon Aviary
07:03 Scout Tower
07:05 Scout Tower
07:22 Castle
08:31 Guard Tower
08:34 Scout Tower
08:36 Scout Tower
11:36 Altar of Kings
12:40 Farm
13:54 Town Hall
14:15 Farm
14:17 Farm
15:46 Scout Tower
15:47 Scout Tower
15:49 Scout Tower
17:40 Guard Tower
17:43 Scout Tower
17:44 Scout Tower
18:14 Guard Tower
29:07 Town Hall
» items
| Scroll of Regeneration | 3 | |
| Lesser Clarity Potion | 1 | |
| Orb of Fire | 1 | |
| Potion of Healing | 1 | |
| Scroll of Town Portal | 1 | |
| Potion of Lesser Invulnerability | 1 | |
8 total
NotAlIOrcs (
pink | 69 APM | 6480 actions | 94:00)
10 Blademaster
3 Wind Walk
3 Critical Strike
1 Bladestorm
3 Mirror Image
» actions
| Assign group hotkey | 102 | |
| Basic commands | 34 | |
| Build / train | 156 | |
| ESC pressed | 7 | |
| Enter build submenu | 72 | |
| Enter hero's abilities submenu | 10 | |
| Give item / drop item | 3 | |
| Remove unit from queue | 1 | |
| Right click | 3072 | |
| Select / deselect | 546 | |
| Select group hotkey | 1705 | |
| Use ability | 772 | |
6480 total
» units
| Peon | 23 | |
| Grunt | 12 | |
| Wind Rider | 10 | |
| Troll Batrider | 19 | |
64 total
» upgrades
| Armor | 3 | |
| Ranged Weapons | 3 | |
| Berserker Strength | 1 | |
| Reinforced Defenses | 1 | |
| Envenomed Spears | 1 | |
| Spiked Barricades | 3 | |
| Troll Regeneration | 1 | |
| Liquid Fire | 1 | |
| Melee Weapons | 3 | |
| Burning Oil | 1 | |
| Pillage | 1 | |
| Ensnare | 1 | |
| War Drums Damage Increase | 1 | |
| Berserker Upgrade | 1 | |
22 total
» buildings
| Orc Burrow | 9 | |
| Altar of Storms | 1 | |
| Barracks | 1 | |
| Voodoo Lounge | 1 | |
| War Mill | 1 | |
| Stronghold | 2 | |
| Great Hall | 6 | |
| Watch Tower | 37 | |
| Fortress | 2 | |
| Beastiary | 4 | |
64 total
» build order
00:12 Orc Burrow
01:15 Altar of Storms
01:16 Barracks
01:20 Orc Burrow
01:39 Voodoo Lounge
02:27 War Mill
03:12 Orc Burrow
04:38 Stronghold
06:03 Great Hall
06:32 Watch Tower
06:33 Watch Tower
06:35 Watch Tower
06:36 Watch Tower
07:04 Fortress
07:05 Fortress
08:30 Watch Tower
08:33 Orc Burrow
08:39 Watch Tower
08:45 Watch Tower
08:46 Watch Tower
09:23 Watch Tower
09:24 Watch Tower
09:28 Watch Tower
09:52 Watch Tower
09:55 Watch Tower
10:32 Beastiary
13:00 Beastiary
13:05 Beastiary
16:00 Watch Tower
16:02 Watch Tower
16:03 Watch Tower
16:04 Watch Tower
17:32 Orc Burrow
17:41 Watch Tower
17:42 Watch Tower
17:46 Watch Tower
17:47 Watch Tower
21:19 Great Hall
21:23 Watch Tower
21:25 Watch Tower
21:26 Watch Tower
21:27 Watch Tower
25:46 Great Hall
25:48 Watch Tower
26:51 Watch Tower
28:23 Watch Tower
31:04 Beastiary
31:06 Orc Burrow
31:28 Orc Burrow
31:30 Orc Burrow
31:32 Orc Burrow
34:00 Great Hall
34:04 Great Hall
34:07 Great Hall
37:01 Watch Tower
37:02 Watch Tower
37:04 Watch Tower
37:06 Watch Tower
37:35 Watch Tower
37:40 Watch Tower
40:55 Watch Tower
40:57 Watch Tower
40:58 Watch Tower
» items
| Healing Salve | 5 | |
| Lesser Clarity Potion | 7 | |
| Scroll of Regeneration | 2 | |
| Scroll of Town Portal | 4 | |
| Orb of Lightning | 1 | |
| Periapt of Vitality | 1 | |
20 total
Apocalypse(SoD) (
red | 1 APM | 2183 actions | 1729:22)
9 Death Knight
3 Death Coil
3 Unholy Aura
1 Animate Dead
2 Death Pact
» actions
| Assign group hotkey | 20 | |
| Basic commands | 100 | |
| Build / train | 79 | |
| ESC pressed | 1 | |
| Enter build submenu | 35 | |
| Enter hero's abilities submenu | 9 | |
| Remove unit from queue | 8 | |
| Right click | 1029 | |
| Select / deselect | 502 | |
| Select group hotkey | 319 | |
| Use ability | 81 | |
2183 total
» units
| Acolyte | 22 | |
| Ghoul | 5 | |
| Crypt Fiend | 11 | |
| Obsidian Statue | 6 | |
44 total
» upgrades
| Creature Carapace | 2 | |
| Creature Attack | 2 | |
| Web | 1 | |
| Destroyer Form | 1 | |
6 total
» buildings
| Altar of Darkness | 3 | |
| Ziggurat | 16 | |
| Crypt | 2 | |
| Graveyard | 2 | |
| Tomb of Relics | 1 | |
| Halls of the Dead | 1 | |
| Black Citadel | 1 | |
| Slaughterhouse | 1 | |
| Sacrificial Pit | 1 | |
| Spirit Tower | 4 | |
| Necropolis | 1 | |
33 total
» build order
00:19 Altar of Darkness
00:24 Ziggurat
00:43 Crypt
01:08 Crypt
01:26 Graveyard
01:47 Ziggurat
02:31 Tomb of Relics
04:38 Halls of the Dead
04:44 Ziggurat
05:16 Ziggurat
06:59 Black Citadel
07:05 Slaughterhouse
08:58 Sacrificial Pit
09:06 Ziggurat
12:00 Ziggurat
12:02 Ziggurat
12:04 Ziggurat
12:05 Ziggurat
12:57 Spirit Tower
13:00 Spirit Tower
13:11 Spirit Tower
17:02 Ziggurat
17:36 Ziggurat
27:48 Necropolis
40:30 Spirit Tower
40:48 Ziggurat
40:53 Altar of Darkness
45:34 Ziggurat
46:04 Graveyard
47:12 Ziggurat
66:00 Ziggurat
66:03 Ziggurat
66:07 Altar of Darkness
» items
| Scroll of Town Portal | 4 | |
| Staff of Teleportation | 1 | |
| Orb of Lightning | 1 | |
| Healing Salve | 1 | |
7 total
TC)Turtle (
orange | 32 APM | 3327 actions | 102:22)
9 Paladin
3 Holy Light
3 Divine Shield
1 Resurrection
2 Devotion Aura
» actions
| Assign group hotkey | 58 | |
| Basic commands | 52 | |
| Build / train | 142 | |
| ESC pressed | 11 | |
| Enter build submenu | 49 | |
| Enter hero's abilities submenu | 9 | |
| Remove unit from queue | 5 | |
| Right click | 1764 | |
| Select / deselect | 699 | |
| Select group hotkey | 422 | |
| Use ability | 116 | |
3327 total
» units
| Peasant | 32 | |
| Footman | 7 | |
| Rifleman | 25 | |
| Sorceress | 12 | |
| Priest | 6 | |
| Spell Breaker | 7 | |
| Mortar Team | 2 | |
| Siege Engine | 4 | |
95 total
» upgrades
| Swords | 1 | |
| Plating | 2 | |
| Gunpowder | 3 | |
| Long Rifles | 1 | |
| Armor | 2 | |
| Fragmentation Shards | 1 | |
| Barrage | 2 | |
| Masonry | 1 | |
13 total
» buildings
| Altar of Kings | 4 | |
| Barracks | 1 | |
| Farm | 11 | |
| Scout Tower | 15 | |
| Arcane Tower | 3 | |
| Lumber Mill | 3 | |
| Keep | 3 | |
| Arcane Vault | 1 | |
| Guard Tower | 8 | |
| Blacksmith | 2 | |
| Castle | 1 | |
| Arcane Sanctum | 1 | |
| Workshop | 5 | |
| Town Hall | 7 | |
65 total
» build order
00:08 Altar of Kings
00:20 Barracks
00:24 Farm
01:06 Farm
02:15 Scout Tower
02:35 Farm
02:52 Arcane Tower
02:58 Lumber Mill
03:47 Scout Tower
04:07 Keep
04:13 Arcane Vault
04:25 Farm
04:27 Guard Tower
05:20 Blacksmith
05:25 Farm
05:47 Scout Tower
06:32 Farm
06:34 Castle
06:56 Arcane Tower
07:05 Arcane Sanctum
08:29 Farm
08:31 Scout Tower
09:46 Farm
10:01 Guard Tower
24:11 Farm
24:13 Farm
25:02 Farm
30:18 Workshop
31:56 Workshop
33:29 Town Hall
37:40 Town Hall
40:03 Town Hall
41:52 Workshop
43:02 Workshop
47:09 Town Hall
53:25 Town Hall
58:03 Keep
62:25 Lumber Mill
66:45 Altar of Kings
68:15 Town Hall
69:34 Altar of Kings
70:18 Keep
71:10 Blacksmith
71:40 Scout Tower
71:42 Scout Tower
71:45 Scout Tower
71:45 Scout Tower
71:46 Scout Tower
71:47 Scout Tower
71:54 Lumber Mill
72:23 Arcane Tower
73:17 Guard Tower
73:29 Workshop
73:37 Guard Tower
74:33 Scout Tower
74:33 Scout Tower
75:16 Guard Tower
75:32 Scout Tower
75:35 Scout Tower
75:39 Guard Tower
76:20 Guard Tower
76:42 Town Hall
76:52 Guard Tower
77:11 Scout Tower
77:21 Altar of Kings
» items
| Lesser Clarity Potion | 2 | |
| Scroll of Town Portal | 1 | |
| Orb of Lightning | 1 | |
4 total
team 2 (loser)
norgebe91 (
yellow | 50 APM | 1797 actions | 36:12)
8 Paladin
2 Holy Light
3 Devotion Aura
1 Resurrection
2 Divine Shield
» actions
| Assign group hotkey | 34 | |
| Build / train | 74 | |
| ESC pressed | 5 | |
| Enter build submenu | 24 | |
| Enter hero's abilities submenu | 9 | |
| Right click | 1049 | |
| Select / deselect | 238 | |
| Select group hotkey | 304 | |
| Use ability | 60 | |
1797 total
» units
| Peasant | 11 | |
| Rifleman | 11 | |
| Mortar Team | 8 | |
| Siege Engine | 6 | |
| Flying Machine | 4 | |
40 total
» upgrades
| Armor | 2 | |
| Fragmentation Shards | 1 | |
| Barrage | 1 | |
| Gunpowder | 1 | |
| Flying Machine Bombs | 1 | |
6 total
» buildings
| Farm | 11 | |
| Scout Tower | 4 | |
| Altar of Kings | 1 | |
| Lumber Mill | 1 | |
| Blacksmith | 1 | |
| Guard Tower | 2 | |
| Barracks | 1 | |
| Keep | 1 | |
| Castle | 1 | |
| Workshop | 2 | |
| Arcane Vault | 1 | |
| Town Hall | 1 | |
27 total
» build order
00:45 Farm
01:06 Farm
01:28 Scout Tower
01:38 Altar of Kings
01:52 Lumber Mill
02:06 Farm
02:12 Blacksmith
02:47 Farm
02:51 Farm
02:53 Guard Tower
03:21 Barracks
03:31 Scout Tower
03:58 Farm
04:58 Scout Tower
05:43 Farm
05:50 Keep
08:11 Scout Tower
08:40 Castle
09:07 Farm
10:11 Farm
10:22 Workshop
10:28 Workshop
11:27 Arcane Vault
12:06 Guard Tower
20:57 Farm
21:07 Farm
33:12 Town Hall
» items
| Scroll of Town Portal | 4 | |
| Orb of Fire | 2 | |
| Ivory Tower | 3 | |
| Potion of Healing | 3 | |
| Scroll of Regeneration | 3 | |
15 total
DON-BON-WONG (
green | 4 APM | 6638 actions | 1729:22)
10 Blademaster
3 Critical Strike
3 Wind Walk
1 Bladestorm
3 Mirror Image
7 Shadow Hunter
3 Hex
3 Healing Wave
1 Big Bad Voodoo
» actions
| Assign group hotkey | 63 | |
| Basic commands | 15 | |
| Build / train | 102 | |
| Enter build submenu | 33 | |
| Enter hero's abilities submenu | 17 | |
| Give item / drop item | 4 | |
| Remove unit from queue | 1 | |
| Right click | 3540 | |
| Select / deselect | 693 | |
| Select group hotkey | 1784 | |
| Use ability | 386 | |
6638 total
» units
| Peon | 22 | |
| Grunt | 4 | |
| Wind Rider | 14 | |
| Raider | 6 | |
| Troll Headhunter/Berserker | 2 | |
48 total
» upgrades
| Reinforced Defenses | 1 | |
| Envenomed Spears | 1 | |
| Ranged Weapons | 2 | |
| Armor | 2 | |
| Ensnare | 1 | |
| Liquid Fire | 1 | |
| Melee Weapons | 1 | |
| Pillage | 1 | |
| Spiked Barricades | 1 | |
11 total
» buildings
| Altar of Storms | 1 | |
| Orc Burrow | 6 | |
| Barracks | 1 | |
| Voodoo Lounge | 1 | |
| Stronghold | 1 | |
| War Mill | 1 | |
| Great Hall | 5 | |
| Beastiary | 3 | |
| Fortress | 1 | |
| Watch Tower | 46 | |
66 total
» build order
00:07 Altar of Storms
00:21 Orc Burrow
00:37 Barracks
01:27 Orc Burrow
02:33 Voodoo Lounge
02:55 Stronghold
03:43 War Mill
04:57 Great Hall
05:17 Beastiary
05:22 Orc Burrow
05:38 Beastiary
05:59 Orc Burrow
07:13 Fortress
07:37 Watch Tower
08:01 Watch Tower
08:02 Watch Tower
08:47 Watch Tower
08:51 Watch Tower
09:30 Great Hall
11:07 Beastiary
12:13 Watch Tower
12:13 Watch Tower
12:53 Orc Burrow
13:47 Watch Tower
13:48 Watch Tower
13:49 Watch Tower
14:24 Watch Tower
14:24 Watch Tower
14:24 Watch Tower
16:44 Watch Tower
16:45 Watch Tower
16:45 Watch Tower
16:45 Watch Tower
16:46 Watch Tower
17:21 Watch Tower
17:22 Watch Tower
17:22 Watch Tower
17:22 Watch Tower
17:23 Watch Tower
17:23 Watch Tower
17:24 Watch Tower
17:24 Watch Tower
19:46 Orc Burrow
23:36 Watch Tower
23:36 Watch Tower
23:36 Watch Tower
24:52 Watch Tower
24:52 Watch Tower
26:13 Watch Tower
26:13 Watch Tower
26:13 Watch Tower
26:15 Watch Tower
26:15 Watch Tower
28:29 Watch Tower
28:29 Watch Tower
28:30 Watch Tower
28:31 Watch Tower
28:31 Watch Tower
28:31 Watch Tower
41:01 Great Hall
49:41 Great Hall
49:46 Great Hall
51:15 Watch Tower
51:16 Watch Tower
51:16 Watch Tower
51:16 Watch Tower
» items
| Healing Salve | 3 | |
| Tiny Great Hall | 1 | |
| Scroll of Town Portal | 8 | |
| Orb of Lightning | 3 | |
| Lesser Clarity Potion | 1 | |
| Staff of Teleportation | 2 | |
| Potion of Lesser Invulnerability | 1 | |
| Potion of Healing | 1 | |
| Scroll of Healing | 1 | |
21 total
WELCOMEToJAMROC (
purple | 19 APM | 1779 actions | 92:38)
5 Death Knight
3 Death Coil
2 Unholy Aura
4 Lich
2 Frost Nova
2 Dark Ritual
» actions
| Assign group hotkey | 36 | |
| Basic commands | 125 | |
| Build / train | 57 | |
| Enter build submenu | 15 | |
| Enter hero's abilities submenu | 9 | |
| Give item / drop item | 1 | |
| Remove unit from queue | 2 | |
| Right click | 351 | |
| Select / deselect | 318 | |
| Select group hotkey | 803 | |
| Use ability | 62 | |
1779 total
» units
| Acolyte | 11 | |
| Ghoul | 3 | |
| Crypt Fiend | 9 | |
| Obsidian Statue | 6 | |
| Abomination | 1 | |
30 total
» upgrades
| Creature Attack | 2 | |
| Creature Carapace | 2 | |
| Web | 1 | |
| Destroyer Form | 1 | |
6 total
» buildings
| Altar of Darkness | 1 | |
| Ziggurat | 7 | |
| Crypt | 1 | |
| Graveyard | 1 | |
| Nerubian Tower | 1 | |
| Tomb of Relics | 1 | |
| Halls of the Dead | 1 | |
| Spirit Tower | 2 | |
| Slaughterhouse | 2 | |
| Black Citadel | 1 | |
| Necropolis | 1 | |
19 total
» build order
00:08 Altar of Darkness
00:12 Ziggurat
00:36 Crypt
01:02 Graveyard
01:12 Nerubian Tower
01:25 Tomb of Relics
01:54 Ziggurat
03:57 Halls of the Dead
04:32 Ziggurat
05:35 Spirit Tower
06:53 Ziggurat
08:44 Ziggurat
08:47 Slaughterhouse
08:50 Slaughterhouse
10:02 Black Citadel
12:15 Ziggurat
14:09 Ziggurat
18:33 Spirit Tower
20:57 Necropolis
» items
| Rod of Necromancy | 1 | |
| Scroll of Town Portal | 1 | |
| Dust of Appearance | 1 | |
3 total

»
spyfly123 (
blue | 5 APM | 8198 actions | 1729:22)
6 Far Seer
3 Feral Spirit
2 Chain Lighting
1 Earth Quake
6 Shadow Hunter
3 Healing Wave
2 Hex
1 Big Bad Voodoo
» actions
| Assign group hotkey | 57 | |
| Basic commands | 242 | |
| Build / train | 98 | |
| ESC pressed | 24 | |
| Enter build submenu | 54 | |
| Enter hero's abilities submenu | 12 | |
| Give item / drop item | 2 | |
| Remove unit from queue | 5 | |
| Right click | 4770 | |
| Select / deselect | 1313 | |
| Select group hotkey | 1233 | |
| Use ability | 385 | |
8198 total
» units
» upgrades
| Melee Weapons | 3 | |
| Armor | 2 | |
| Pulverize | 1 | |
| Spiked Barricades | 1 | |
| Ranged Weapons | 1 | |
8 total
» buildings
| Barracks | 1 | |
| Orc Burrow | 13 | |
| Altar of Storms | 6 | |
| Voodoo Lounge | 1 | |
| Stronghold | 1 | |
| War Mill | 2 | |
| Fortress | 1 | |
| Tauren Totem | 2 | |
| Scout Tower | 13 | |
| Guard Tower | 6 | |
| Arcane Tower | 1 | |
| Town Hall | 1 | |
| Watch Tower | 14 | |
62 total
» build order
00:16 Barracks
00:21 Orc Burrow
00:49 Altar of Storms
01:39 Orc Burrow
02:12 Voodoo Lounge
03:09 Stronghold
03:16 War Mill
03:48 Orc Burrow
05:00 Orc Burrow
05:02 Orc Burrow
05:42 Fortress
06:34 Orc Burrow
08:27 Tauren Totem
08:28 Tauren Totem
08:50 Orc Burrow
08:53 Orc Burrow
37:29 Scout Tower
37:31 Scout Tower
38:00 Scout Tower
38:03 Scout Tower
38:04 Guard Tower
38:25 Scout Tower
38:28 Guard Tower
38:30 Guard Tower
38:34 Scout Tower
40:08 Guard Tower
40:17 Scout Tower
40:18 Scout Tower
40:24 Scout Tower
40:45 Guard Tower
40:48 Scout Tower
40:53 Guard Tower
41:46 Scout Tower
41:47 Scout Tower
41:48 Scout Tower
42:32 Arcane Tower
44:51 Town Hall
54:10 Altar of Storms
54:12 Altar of Storms
56:30 Altar of Storms
57:48 Watch Tower
57:50 Watch Tower
57:57 Watch Tower
58:12 Watch Tower
61:13 Orc Burrow
64:05 Altar of Storms
64:45 Watch Tower
64:47 Watch Tower
64:48 Watch Tower
64:49 Watch Tower
64:51 Watch Tower
65:21 Orc Burrow
65:24 Orc Burrow
67:13 Watch Tower
67:25 Watch Tower
67:29 Watch Tower
72:13 Watch Tower
72:19 Watch Tower
75:29 Altar of Storms
75:37 War Mill
77:11 Orc Burrow
79:11 Orc Burrow
» items
| Lesser Clarity Potion | 4 | |
| Healing Salve | 3 | |
| Orb of Lightning | 1 | |
| Scroll of Town Portal | 4 | |
| Tiny Great Hall | 1 | |
13 total
Chat log
(00:08 / Allies) norgebe91: plan?
(00:15 / Allies) DON-BON-WONG: cc
(00:16 / Allies) DON-BON-WONG: wyvern bats here
(00:19 / Allies) norgebe91: kk
(00:24 / Allies) norgebe91: rifle mort
(00:24 / Allies) WELCOMEToJAMROC: fiends stats
(00:30 / Allies) DON-BON-WONG: someone get melee plz
(00:34 / Allies) spyfly123: me
(01:22 / Allies) DON-BON-WONG: i got mid right expo
(03:19 / Allies) DON-BON-WONG: yellow can u help me expo plz
(03:27 / Allies) norgebe91: sure in a sec
(05:00 / Allies) DON-BON-WONG: actually nvm
(05:09 / Allies) DON-BON-WONG: thx yellow im good now
(05:20 / Allies) norgebe91: help me?
(05:29 / Allies) DON-BON-WONG: yea let me get lvl 3 real quick
(05:31 / Allies) WELCOMEToJAMROC: mid?
(05:54 / Allies) WELCOMEToJAMROC: omw yellow
(06:04 / Allies) WELCOMEToJAMROC: go
(06:04 / Allies) norgebe91: what?
(06:04 / Allies) DON-BON-WONG: after this lets hit middle
(06:59 / Allies) DON-BON-WONG: come blue plz
(07:04 / Allies) spyfly123: coing
(08:17 / All) WELCOMEToJAMROC: gg
(08:39 / Allies) DON-BON-WONG: hit top left
(08:39 / Allies) DON-BON-WONG: expo
(08:41 / Allies) WELCOMEToJAMROC: all meet mid
(09:00 / Allies) DON-BON-WONG: top left main base
(09:23 / Allies) WELCOMEToJAMROC: k
(09:32 / Allies) spyfly123: i give you evasion
(09:33 / Allies) spyfly123: green
(09:35 / Allies) WELCOMEToJAMROC: careful
(09:37 / Allies) DON-BON-WONG: wood plz
(09:38 / Allies) WELCOMEToJAMROC: no reason
(10:11 / Allies) WELCOMEToJAMROC: no reason to attack really
(11:10 / Allies) norgebe91: b
(11:25 / Allies) WELCOMEToJAMROC: ignant
(12:39 / Allies) DON-BON-WONG: tp if they hit mid right
(12:42 / Allies) norgebe91: green
(12:55 / Allies) WELCOMEToJAMROC: get ready to tp
(13:05 / Allies) DON-BON-WONG: tp mid right
(13:44 / Allies) spyfly123: we need aa
(13:49 / Allies) WELCOMEToJAMROC: web
(13:51 / Allies) spyfly123: i am pure melee
(13:53 / Allies) norgebe91: tanks comin
(14:03 / Allies) WELCOMEToJAMROC: gold me for dest
(14:10 / Allies) DON-BON-WONG: red expo
(14:20 / Allies) WELCOMEToJAMROC: meet
(14:30 / Allies) WELCOMEToJAMROC: b
(14:31 / Allies) WELCOMEToJAMROC: b
(14:31 / Allies) WELCOMEToJAMROC: b
(14:32 / Allies) WELCOMEToJAMROC: b
(14:41 / All) DON-BON-WONG: FIGHT FAGGOTS WOW
(14:49 / Allies) spyfly123: now
(14:55 / Allies) WELCOMEToJAMROC: go
(14:55 / Allies) WELCOMEToJAMROC: all
(16:48 / Allies) DON-BON-WONG: WOOD
(16:51 / Allies) DON-BON-WONG: hit red
(16:52 / Allies) DON-BON-WONG: main base
(17:43 / Allies) WELCOMEToJAMROC: all at once
(17:44 / Allies) WELCOMEToJAMROC: wher?
(18:03 / Allies) WELCOMEToJAMROC: green gold
(18:16 / Allies) spyfly123: ud
(18:19 / Allies) spyfly123: bases suck
(18:20 / Allies) DON-BON-WONG: teal expo
(18:43 / Allies) spyfly123: need aa
(18:46 / Allies) WELCOMEToJAMROC: web
(18:48 / Allies) WELCOMEToJAMROC: with me
(18:49 / Allies) WELCOMEToJAMROC: toether
(19:05 / Allies) WELCOMEToJAMROC: i have to fucking tp
(19:11 / Allies) norgebe91: go get him
(19:12 / Allies) WELCOMEToJAMROC: move
(19:28 / Allies) spyfly123: let melee out
(19:44 / Allies) WELCOMEToJAMROC: noobs move
(19:46 / Allies) WELCOMEToJAMROC: ignortant
(19:53 / Allies) WELCOMEToJAMROC: use tanks
(20:14 / Allies) WELCOMEToJAMROC: fiends
(20:17 / Allies) WELCOMEToJAMROC: hit fiends
(20:31 / Allies) DON-BON-WONG: finish teal
(20:51 / Allies) WELCOMEToJAMROC: gold wtf
(21:17 / Allies) WELCOMEToJAMROC: meet
(21:43 / Allies) spyfly123: finish off teal
(21:52 / Allies) spyfly123: turn around
(21:55 / All) WELCOMEToJAMROC: morons cant read pings lol
(22:23 / All) WELCOMEToJAMROC: no micro
(22:25 / All) WELCOMEToJAMROC: gg
(22:28 / All) DON-BON-WONG: its not over
(22:30 / Allies) WELCOMEToJAMROC: wt
(22:31 / All) DON-BON-WONG: wtf
(22:32 / All) WELCOMEToJAMROC: wtf yellow
(22:32 / All) DON-BON-WONG: its not over
(22:34 / All) WELCOMEToJAMROC: play
(22:36 / All) WELCOMEToJAMROC: noob
(22:38 / All) NotAlIOrcs: Purp you are a scrub
(22:46 / All) WELCOMEToJAMROC: fucking noobs dude
(22:50 / All) NotAlIOrcs: scrub noob purp lol
(22:53 / All) NotAlIOrcs: I played you before
(22:59 / All) NotAlIOrcs: you suck big time
(22:59 / All) WELCOMEToJAMROC: ur talking shit about me watch the replay noob
(23:07 / All) WELCOMEToJAMROC: i told u twice what to do and u fucking thought u could end it
(23:09 / All) WELCOMEToJAMROC: u are a noob
(23:09 / All) NotAlIOrcs: you lost your whole base for free noob
(23:17 / All) WELCOMEToJAMROC: help we need aa
(23:21 / All) WELCOMEToJAMROC: i said web stay together
(23:26 / All) NotAlIOrcs: whiny noob lol
(23:26 / All) WELCOMEToJAMROC: u run around solo like yellow
(23:28 / Allies) spyfly123: ain't over
(23:29 / All) NotAlIOrcs: noobie purple
(23:32 / Allies) spyfly123: chill
(23:38 / Allies) spyfly123: one bad fight doesn't mean game over
(23:48 / Allies) DON-BON-WONG: YELLOW
(23:49 / Allies) DON-BON-WONG: SEND TANKS AT RED
(23:51 / Allies) WELCOMEToJAMROC: u just let everything of mine die and didnt listen to me bro
(23:52 / Allies) DON-BON-WONG: not expos
(24:03 / Allies) norgebe91: come with man
(24:04 / All) NotAlIOrcs: norge? är du norsk
(24:06 / Allies) WELCOMEToJAMROC: the only reason i sacrificed my shit is because i thought u would listen to simple english
(24:15 / All) norgebe91: nah
(24:23 / All) norgebe91: im not norwegian
(24:32 / Allies) WELCOMEToJAMROC: u just went to take a fucking shit while u were playing
(24:34 / Allies) WELCOMEToJAMROC: or u just suck
(24:43 / Allies) spyfly123: focus on the game
(24:46 / Allies) WELCOMEToJAMROC: i just clicked right on them
(24:49 / Allies) WELCOMEToJAMROC: and told u where to go
(24:52 / Allies) WELCOMEToJAMROC: and u all just sat there and lost
(24:54 / Allies) WELCOMEToJAMROC: lol
(25:09 / Allies) WELCOMEToJAMROC: ur wyvs will get merked i bet
(25:39 / Allies) spyfly123: green wvs
(25:42 / All) DON-BON-WONG: tp blue
(25:46 / Allies) spyfly123: fuck
(25:49 / All) TC)Turtle: Yeah blue tp
(25:50 / Allies) spyfly123: wth
(25:54 / All) DON-BON-WONG: LOL BLUE DONT BLAM EME
(25:58 / All) NotAlIOrcs: all those free taurens LOL
(25:59 / All) DON-BON-WONG: IT WAS 4V2
(26:00 / All) NotAlIOrcs: you are as bad as purple
(26:01 / All) Indra[MN]: xD
(26:02 / All) DON-BON-WONG: and blue blames me
(26:05 / All) WELCOMEToJAMROC: gg retards lol
(26:08 / All) WELCOMEToJAMROC: watch replay and learn
(26:12 / All) NotAlIOrcs: you're the biggest noob purp
(26:17 / Allies) spyfly123: wyvs attack gryphs?
(26:33 / All) DON-BON-WONG: I CANT KILL 4 ARMIES BLUE
(26:42 / All) NotAlIOrcs: nice statues lol
(28:47 / All) DON-BON-WONG: FUCK ME
(28:48 / All) DON-BON-WONG: NO TP
(28:54 / All) Apocalypse(SoD): ROFL
(28:58 / All) Apocalypse(SoD): Fiends ftw
(29:00 / All) DON-BON-WONG: WOOD
(29:01 / Allies) DON-BON-WONG: wood
(29:34 / All) DON-BON-WONG: wood yellow jesus christ be a good ally
(32:45 / Allies) WELCOMEToJAMROC: sup?
(32:53 / Allies) WELCOMEToJAMROC: need gold of wood?
(32:59 / Allies) WELCOMEToJAMROC: fucking girlfriends
(33:04 / Allies) norgebe91: gold?
(33:43 / Allies) norgebe91: ty
(34:05 / Allies) DON-BON-WONG: TP
(34:06 / Allies) DON-BON-WONG: TP
(34:41 / Allies) DON-BON-WONG: FIGHT
(35:58 / All) DON-BON-WONG: why didnt oj help red lol
(36:17 / All) NotAlIOrcs: Level 10 jubei
(36:17 / All) NotAlIOrcs: woot
(36:43 / Allies) spyfly123: no tp
(36:44 / Allies) spyfly123: get em
(36:54 / Allies) DON-BON-WONG: we won
(36:59 / Allies) spyfly123: did we?
(37:05 / Allies) spyfly123: i really can't tell
(37:28 / Allies) DON-BON-WONG: need those tauren vs oj
(38:03 / All) Apocalypse(SoD): fuckin mh
(38:08 / All) DON-BON-WONG: oh hush
(39:13 / Allies) spyfly123: heal tauren when necessary
(39:21 / All) NotAlIOrcs: sorry brb bathroom pause please
(39:22 / All) DON-BON-WONG: first time they ever left it paused
(39:31 / All) WELCOMEToJAMROC: fucking ignorant girlfriend this is my first night in 5 months playing this game
(39:56 / Allies) spyfly123: noo
(40:00 / All) NotAlIOrcs: what's your girlfriend mad about?
(40:04 / Allies) spyfly123: green where'd you go
(40:09 / All) Apocalypse(SoD): FUCK U
(40:10 / All) WELCOMEToJAMROC: idk man
(40:12 / All) WELCOMEToJAMROC: who knows
(40:16 / All) NotAlIOrcs: what's she saying?
(40:17 / All) WELCOMEToJAMROC: she calls me trying to fucking
(40:17 / All) DON-BON-WONG: my bad red
(40:20 / All) DON-BON-WONG: ill leave oj pally alone for now
(40:22 / All) TC)Turtle: ty fam
(40:35 / All) WELCOMEToJAMROC: fucking because she thinks i was being mean to her lol
(40:42 / All) NotAlIOrcs: lol what'd you do
(40:48 / All) TC)Turtle: he did the dishes
(41:04 / All) WELCOMEToJAMROC: she was telling me somebody was a pig to her at work but couldnt tell me how or why and shes like ill show u
(41:19 / All) WELCOMEToJAMROC: im like okay... shes like whats wrong what are u doing im like dude im playing my game lol
(41:29 / All) NotAlIOrcs: I work at mcdonalds I see so many pigs at work
(41:39 / All) NotAlIOrcs: she was mad at that?
(41:45 / All) WELCOMEToJAMROC: shes just baiting me to look bad always and shes like ohh im leaving work and im not coming home
(42:00 / All) WELCOMEToJAMROC: im like okay ill be for you if you need me
(42:05 / Allies) DON-BON-WONG: blue do u want ur hero back
(42:06 / All) NotAlIOrcs: wow
(42:08 / Allies) spyfly123: i can make 2 tauren
(42:08 / All) WELCOMEToJAMROC: always takes things outta control lol
(42:10 / Allies) spyfly123: lol
(42:13 / All) DON-BON-WONG: no blue
(42:14 / All) DON-BON-WONG: rez ur hero
(42:15 / All) WELCOMEToJAMROC: im like wtf
(42:18 / Allies) spyfly123: i have no unit
(42:34 / All) DON-BON-WONG: rez fs
(42:37 / Allies) WELCOMEToJAMROC: u lost
(42:44 / Allies) spyfly123: need another 699
(42:46 / Allies) spyfly123: 600
(42:47 / All) DON-BON-WONG: lets get u some items blue
(42:55 / Allies) spyfly123: ty
(44:47 / All) DON-BON-WONG: blue plz quake oj base
(44:54 / Allies) spyfly123: kk
(45:22 / Allies) WELCOMEToJAMROC: tanks
(45:24 / Allies) WELCOMEToJAMROC: block
(45:26 / Allies) WELCOMEToJAMROC: nvm
(45:59 / Allies) WELCOMEToJAMROC: uprgrade units
(46:20 / Allies) spyfly123: kill workshops
(46:48 / Allies) WELCOMEToJAMROC: soo many towers on pink
(46:56 / All) DON-BON-WONG: hmm
(46:57 / All) DON-BON-WONG: yes there is
(46:59 / Allies) spyfly123: i can burst them down
(47:03 / Allies) spyfly123: with far seer
(47:03 / All) DON-BON-WONG: pink has many towers!
(48:08 / All) Apocalypse(SoD): You are a motherfucker
(48:12 / Allies) spyfly123: wth is this game
(48:29 / All) DON-BON-WONG: wierd game
(48:44 / Allies) WELCOMEToJAMROC: help blue
(48:45 / Allies) WELCOMEToJAMROC: googo
(48:45 / Allies) WELCOMEToJAMROC: go
(48:46 / Allies) WELCOMEToJAMROC: go
(48:49 / Allies) WELCOMEToJAMROC: hero separated
(49:13 / Allies) WELCOMEToJAMROC: go
(49:14 / Allies) WELCOMEToJAMROC: go
(49:15 / All) WELCOMEToJAMROC: gg
(49:20 / All) spyfly123: fuck yes
(49:23 / All) DON-BON-WONG: lol
(49:29 / All) NotAlIOrcs: WHO THE HELL DID THAT
(49:32 / All) NotAlIOrcs: I gave thes efuckers control
(49:34 / All) spyfly123: LOL
(49:35 / All) NotAlIOrcs: and one of them killed my bm
(49:47 / Allies) WELCOMEToJAMROC: careful
(49:48 / All) spyfly123: that's too funny
(50:05 / Allies) WELCOMEToJAMROC: fly from back mayb and take out
(50:06 / All) NotAlIOrcs: Teal is a fucking tker
(50:09 / Allies) spyfly123: gold for items?
(50:10 / All) NotAlIOrcs: He got my blademaster killed
(50:13 / All) NotAlIOrcs: when he asked to share control
(50:21 / All) DON-BON-WONG: teal........
(50:26 / All) DON-BON-WONG: say it aint so, teal
(50:27 / Allies) WELCOMEToJAMROC: take expos with
(50:32 / All) spyfly123: oh wait,
(50:34 / Allies) WELCOMEToJAMROC: wyvs from behind mayb
(50:42 / Allies) spyfly123: i can get tiny great hall
(50:51 / Allies) spyfly123: worth it?
(50:53 / All) DON-BON-WONG: sell dager its useless
(50:56 / All) DON-BON-WONG: yea
(51:03 / All) DON-BON-WONG: expo there
(51:03 / Allies) spyfly123: 200 gold?
(51:28 / Allies) spyfly123: i'll expo here
(51:34 / All) Apocalypse(SoD): you mh too much
(51:38 / All) Apocalypse(SoD): yall need to quit bsing together
(51:41 / All) Apocalypse(SoD): and fuckin end the game kids
(52:00 / All) DON-BON-WONG: i dont have mh lawl. i just sent low hp wyevern to u and pink
(52:21 / All) DON-BON-WONG: focus red dk
(52:27 / All) Indra[MN]: ok
(53:21 / Allies) WELCOMEToJAMROC: get those niggas
(53:32 / Allies) WELCOMEToJAMROC: hit him
(53:37 / Allies) WELCOMEToJAMROC: wtf lol
(53:52 / Allies) WELCOMEToJAMROC: wtf are u doing
(53:57 / All) DON-BON-WONG: its a mirror
(53:58 / Allies) WELCOMEToJAMROC: oh
(54:05 / Allies) WELCOMEToJAMROC: well yea but wtf
(54:13 / Allies) WELCOMEToJAMROC: hope hes not getting bats
(54:27 / Allies) WELCOMEToJAMROC: tanks
(54:29 / Allies) WELCOMEToJAMROC: over
(54:30 / Allies) WELCOMEToJAMROC: fuck
(54:43 / All) WELCOMEToJAMROC: gj
(54:48 / Allies) spyfly123: pink bm
(54:53 / Allies) WELCOMEToJAMROC: ensnare
(54:57 / Allies) WELCOMEToJAMROC: heaol
(54:58 / Allies) WELCOMEToJAMROC: gheal
(54:59 / Allies) WELCOMEToJAMROC: wtf
(55:01 / Allies) spyfly123: fuck
(55:15 / Allies) WELCOMEToJAMROC: all fake bms
(55:49 / All) WELCOMEToJAMROC: gg finally
(56:00 / Allies) spyfly123: no tp
(56:06 / Allies) spyfly123: get um
(56:15 / Allies) spyfly123: hex
(56:16 / Allies) spyfly123: yeah
(56:25 / Allies) WELCOMEToJAMROC: ensnare
(56:42 / Allies) WELCOMEToJAMROC: goddd
(56:48 / Allies) WELCOMEToJAMROC: soo close but no cigar
(57:01 / All) spyfly123: what a game
(57:08 / All) Apocalypse(SoD): it's all bs
(57:11 / All) DON-BON-WONG: love this map
(57:15 / All) spyfly123: lol
(57:21 / All) Apocalypse(SoD): green and pink
(57:23 / All) Apocalypse(SoD): bsing
(57:29 / Allies) WELCOMEToJAMROC: bladestorm that fucker
(57:31 / All) NotAlIOrcs: ?
(57:35 / All) Apocalypse(SoD): painfully obvious
(57:36 / Allies) WELCOMEToJAMROC: he would be dead
(57:43 / All) NotAlIOrcs: what atre you talking about
(58:25 / All) DON-BON-WONG: cant believe only yellow left
(58:34 / All) WELCOMEToJAMROC: i was afk
(58:37 / All) WELCOMEToJAMROC: forever
(58:44 / All) spyfly123: no one wants to give this game up
(58:56 / All) DON-BON-WONG: battle of the 45% players
(59:35 / All) Apocalypse(SoD): Look at green mh
(60:48 / All) NotAlIOrcs: purp you still here?
(61:13 / All) NotAlIOrcs: what does it say when a bat pops? sounds like BLUE TROLL YASH
(62:14 / All) DON-BON-WONG: this is a craz ygame
(62:18 / All) Apocalypse(SoD): stfu kid
(62:20 / Allies) spyfly123: kill altar
(62:22 / All) Apocalypse(SoD): you're both bsing
(62:33 / Allies) spyfly123: green
(62:37 / Allies) spyfly123: altar
(63:32 / All) NotAlIOrcs: My team is so whiny
(64:22 / All) DON-BON-WONG: why tell me to stfu
(64:22 / All) DON-BON-WONG: red
(64:48 / All) NotAlIOrcs: Teal doesn't know how to detonate bats on raiders
(64:51 / All) NotAlIOrcs: with unstable concoction
(64:58 / All) Indra[MN]: lol
(65:24 / All) DON-BON-WONG: control my riaders blue
(66:31 / All) DON-BON-WONG: who is winning lawl
(66:34 / Allies) spyfly123: what's happening?
(66:45 / Allies) spyfly123: heroes?
(66:51 / All) DON-BON-WONG: rez ur fs blue
(67:03 / Allies) spyfly123: k
(67:21 / All) Apocalypse(SoD): tking both of them if i ever am on a team with them
(67:44 / All) NotAlIOrcs: Red tking is against the rules
(67:53 / All) NotAlIOrcs: If you plan on doing that, I am going to report you in advance
(68:16 / All) NotAlIOrcs: If you plan on doing that you WILL be banned
(68:24 / All) Apocalypse(SoD): nope
(69:05 / All) DON-BON-WONG: die red ghoul
(69:27 / All) DON-BON-WONG: that wasnt map hack red
(69:29 / All) DON-BON-WONG: just luck
(69:34 / All) DON-BON-WONG: didnt know u were rezzing dk
(71:25 / Allies) WELCOMEToJAMROC: shit
(71:40 / All) WELCOMEToJAMROC: popcorn and beer
(72:02 / All) WELCOMEToJAMROC: enjoying this show win or lose lol
(72:30 / Allies) WELCOMEToJAMROC: dont let ur units die
(72:36 / All) DON-BON-WONG: sorry
(73:28 / All) WELCOMEToJAMROC: stopheroin
(73:41 / All) Indra[MN]: mhhhhh lmaoooo
(73:52 / All) NotAlIOrcs: wtf
(73:54 / Allies) WELCOMEToJAMROC: roll out that base lol
(73:57 / All) NotAlIOrcs: Fucking maphack
(74:00 / All) NotAlIOrcs: are you kidding?
(74:04 / All) Indra[MN]: big gime lol
(74:12 / Allies) WELCOMEToJAMROC: go go
(74:15 / All) NotAlIOrcs: Red is tking me
(74:19 / All) NotAlIOrcs: He is spamming share control
(74:21 / All) NotAlIOrcs: and unshare
(74:27 / All) TC)Turtle: green how much gold oyu got
(74:28 / All) Indra[MN]: shut up
(74:29 / All) Indra[MN]: you suck
(74:38 / All) NotAlIOrcs: Red is tking me with share and unshare control
(74:44 / All) NotAlIOrcs: I'm filing a report to Blizzard
(75:02 / Allies) spyfly123: altar
(75:09 / Allies) spyfly123: town hall
(76:12 / Allies) WELCOMEToJAMROC: gj
(76:15 / All) DON-BON-WONG: thx
(76:17 / Allies) WELCOMEToJAMROC: got him
(76:25 / All) Apocalypse(SoD): pink and green need to get laid
(76:29 / All) Apocalypse(SoD): and not with eachother
(76:42 / All) Apocalypse(SoD): this is what gay sex does to you
(76:44 / All) WELCOMEToJAMROC: some dudes like anal
(76:49 / All) NotAlIOrcs: I can use bats and blademasters
(76:51 / All) NotAlIOrcs: without suiciding them
(76:52 / All) NotAlIOrcs: noob
(76:53 / All) WELCOMEToJAMROC: got em
(77:05 / All) TC)Turtle: he cant deal
(77:11 / All) Apocalypse(SoD): bye pink
(77:14 / All) Apocalypse(SoD): you can leave
(77:26 / All) NotAlIOrcs: Why?
(77:39 / All) TC)Turtle: ah fuck it you win lol
(77:39 / All) WELCOMEToJAMROC: did we win yet
(77:40 / All) WELCOMEToJAMROC: wtf
(77:45 / All) TC)Turtle: not yet
(77:46 / All) Apocalypse(SoD): afk
(77:49 / All) Apocalypse(SoD): gl with the end
(77:53 / All) spyfly123: damn
(77:53 / All) NotAlIOrcs: AFK is what red is
(77:55 / All) DON-BON-WONG: game is over in 5 min
(77:56 / All) NotAlIOrcs: A fucking kid
(77:58 / All) WELCOMEToJAMROC: a pro would know when its technically impossible
(78:07 / All) WELCOMEToJAMROC: i mean ppl can slack off and go to piss and u could win
(78:10 / All) TC)Turtle: fuckin green kept sniping my bases lmao
(78:10 / All) WELCOMEToJAMROC: but its looking good here
(78:11 / All) TC)Turtle: bastard
(78:12 / All) NotAlIOrcs: My team is kids and noobs
(78:16 / All) NotAlIOrcs: I lost this because my team sucks
(78:19 / All) DON-BON-WONG: nothing personal oj!
(78:24 / All) TC)Turtle: <3
(78:28 / All) WELCOMEToJAMROC: play solo
(78:31 / All) WELCOMEToJAMROC: teams are fun tho
(78:36 / All) TC)Turtle: ifi initially went tanks when i saw ur expos we would have won hehe
(78:38 / All) WELCOMEToJAMROC: its a team agame
(78:39 / All) NotAlIOrcs: My team sucks purp
(78:42 / All) NotAlIOrcs: it's not fair
(78:51 / All) NotAlIOrcs: and you thought yours sucked
(78:57 / All) WELCOMEToJAMROC: if i didnt play good from the beginning they wouldve never had the opportunity to make it this far
(79:11 / All) NotAlIOrcs: I carried my team this far
(79:13 / All) NotAlIOrcs: I know how you feel
(79:13 / All) WELCOMEToJAMROC: yea i got fucked up and i didnt save my base because my girlfriend is insane lol
(79:29 / All) spyfly123: fuck off pink
(79:36 / All) DON-BON-WONG: pink sucks!
(79:40 / All) NotAlIOrcs: You suck blue
(79:41 / All) WELCOMEToJAMROC: and if we win this im 3-1
(79:44 / All) NotAlIOrcs: you got lucky you got carried by green
(79:51 / All) WELCOMEToJAMROC: i prolly coulda playeed three more games in this time but whatever
(79:54 / All) TC)Turtle: well ive got no peasants left
(79:56 / All) TC)Turtle: gee gee
(79:58 / All) spyfly123: your such a turd sandwich
(80:17 / All) DON-BON-WONG: lol
(80:19 / All) NotAlIOrcs: a turd sandwich? really blue?
(80:22 / All) DON-BON-WONG: pinks towers got blue!
(80:25 / All) spyfly123: :p
(80:25 / Allies) WELCOMEToJAMROC: can i control blue
(80:26 / Allies) WELCOMEToJAMROC: wtf
(80:28 / Allies) WELCOMEToJAMROC: is going on
(80:30 / Allies) WELCOMEToJAMROC: wheres the team
(80:41 / All) TC)Turtle: longest 4v4 RT ive ever played
(80:50 / All) DON-BON-WONG: ive been in a 12 hour one
(80:55 / All) WELCOMEToJAMROC: control blue i think hes afk
(80:56 / All) DON-BON-WONG: left computer on all night
(80:58 / All) WELCOMEToJAMROC: yup
(81:05 / All) WELCOMEToJAMROC: ive been playing a long time
(81:15 / All) NotAlIOrcs: you ever get tked before purp?
(81:21 / All) TC)Turtle: green get my lumber mill with those two raiders, left expo
(81:32 / All) WELCOMEToJAMROC: ive played over 20thousand games
(81:45 / All) NotAlIOrcs: ever been hacked?
(81:48 / All) NotAlIOrcs: like control hacked?
(81:48 / All) DON-BON-WONG: what
(81:54 / All) spyfly123: your timing is impeccable pink
(81:56 / All) spyfly123: hmm
(81:57 / All) WELCOMEToJAMROC: ive been hacked
(82:00 / All) spyfly123: i wonder why that is
(82:06 / Allies) WELCOMEToJAMROC: b
(82:08 / All) NotAlIOrcs: got any stories?
(82:10 / Allies) WELCOMEToJAMROC: moron wtf
(82:22 / All) WELCOMEToJAMROC: jesus christ
(82:25 / All) NotAlIOrcs: purp?
(82:25 / All) DON-BON-WONG: wasnt watching lawl
(82:28 / All) TC)Turtle: lel
(82:31 / All) spyfly123: insta revive hero
(82:32 / All) WELCOMEToJAMROC: fucking play
(82:32 / All) DON-BON-WONG: monday night football pregame
(82:44 / All) NotAlIOrcs: purp tell me a 4v4 story you must have lots with that many games
(82:44 / Allies) WELCOMEToJAMROC: go kill his hero
(82:46 / Allies) WELCOMEToJAMROC: its not over bro
(83:01 / Allies) spyfly123: we can nuke his hero
(83:04 / All) WELCOMEToJAMROC: i won a razr mouse
(83:07 / All) WELCOMEToJAMROC: in 2004
(83:07 / All) DON-BON-WONG: how
(83:08 / All) DON-BON-WONG: wtf
(83:12 / All) WELCOMEToJAMROC: solo tourney
(83:17 / All) NotAlIOrcs: wow
(83:20 / All) NotAlIOrcs: you won a tourney?
(83:33 / All) WELCOMEToJAMROC: and i smashed it againt my basement wall a month later lol
(83:38 / All) WELCOMEToJAMROC: it was a 300 dollar mouse
(83:47 / All) DON-BON-WONG: what tournament?
(84:14 / All) DON-BON-WONG: best i ever won
(84:32 / All) NotAlIOrcs: why did you smash it
(84:33 / All) NotAlIOrcs: wtf
(84:48 / All) WELCOMEToJAMROC: because i disconnectedor some shit
(84:53 / All) WELCOMEToJAMROC: and i was like 18
(85:10 / All) NotAlIOrcs: Do you know kung fu purp? weird question I know
(85:11 / All) WELCOMEToJAMROC: very violent
(85:39 / All) NotAlIOrcs: think I might've played a game before where you said you did
(85:41 / All) NotAlIOrcs: but I can't remember
(85:42 / All) WELCOMEToJAMROC: i study many martial arts
(85:53 / All) NotAlIOrcs: what ones do you know?
(86:12 / All) WELCOMEToJAMROC: i havent trained with any professionals
(86:29 / All) NotAlIOrcs: do you train at home? I'm interested in learning the martial arts
(86:31 / All) WELCOMEToJAMROC: im a huge joe rogan fan and i know alot of jiu jitsu
(86:37 / All) NotAlIOrcs: can you do that? like just train at home?
(86:42 / All) NotAlIOrcs: that'd make it a lot easier for me to learn
(86:49 / All) WELCOMEToJAMROC: if u have money i would look for a gracie U near u
(86:56 / All) NotAlIOrcs: a gracie?
(87:05 / All) WELCOMEToJAMROC: gracie BJJ yea
(87:08 / All) NotAlIOrcs: what's that?
(87:10 / All) NotAlIOrcs: bjj?
(87:14 / All) WELCOMEToJAMROC: its a way of live
(87:19 / All) WELCOMEToJAMROC: brazilian jui
(87:22 / All) WELCOMEToJAMROC: fuck u man
(87:23 / All) NotAlIOrcs: what's it?
(87:28 / All) DON-BON-WONG: asshole
(87:29 / All) DON-BON-WONG: lol
(87:31 / All) WELCOMEToJAMROC: nice talking to u tho
(87:32 / All) NotAlIOrcs: brazilian jui?
(87:34 / All) NotAlIOrcs: oh
(87:37 / All) NotAlIOrcs: FUCK
(87:38 / All) DON-BON-WONG: wtf
(87:41 / All) NotAlIOrcs: I WAS DISTRACTED TALKING
(87:43 / All) NotAlIOrcs: AND LOST MY FUCKIING HERO
(87:44 / All) NotAlIOrcs: ARJW#QPOR%#JJ!@J%
(87:46 / All) TC)Turtle: I WAS TELLING HIM
(87:47 / All) NotAlIOrcs: FUCK
(87:48 / All) DON-BON-WONG: i was watching monday night football
(87:48 / All) NotAlIOrcs: FUCK
(87:48 / All) TC)Turtle: FOR FIVE MINUTES
(87:50 / All) TC)Turtle: GG
(87:51 / All) DON-BON-WONG: and ur hex
(87:51 / All) NotAlIOrcs: -AR{aw[a
(87:53 / All) DON-BON-WONG: wait oj......
(87:57 / All) NotAlIOrcs: WHY THE FUCK DID I DECIDE TO ASK YOU ABOUT MARTIAL ARTS
(87:59 / All) WELCOMEToJAMROC: we shouldve won
(88:00 / All) DON-BON-WONG: im out of units too wtf.........
(88:01 / All) WELCOMEToJAMROC: but really
(88:04 / All) WELCOMEToJAMROC: u shouldve to
(88:05 / All) DON-BON-WONG: i cant build..........
(88:07 / All) WELCOMEToJAMROC: who cares
(88:11 / All) NotAlIOrcs: I have 0 food
(88:14 / All) NotAlIOrcs: can you make anything?
(88:16 / All) TC)Turtle: gg pink lost the game
(88:18 / All) TC)Turtle: nope
(88:18 / All) DON-BON-WONG: no.......
(88:20 / All) NotAlIOrcs: wait
(88:21 / All) DON-BON-WONG: i have no units or burrows
(88:23 / All) NotAlIOrcs: can your team not either?
(88:23 / All) DON-BON-WONG: or peasants
(88:24 / All) NotAlIOrcs: LOL
(88:28 / All) WELCOMEToJAMROC: gg
(88:29 / All) TC)Turtle: its a draw
(88:31 / All) NotAlIOrcs: how are you supposed to kill each other??
(88:32 / All) WELCOMEToJAMROC: we win
(88:32 / All) DON-BON-WONG: who the hell wins?
(88:34 / All) NotAlIOrcs: it's a standoff
(88:42 / All) NotAlIOrcs: so we can leave our pcs on all night?
(88:48 / All) DON-BON-WONG: i plan to probably
(88:49 / All) WELCOMEToJAMROC: they have a main
(88:55 / All) WELCOMEToJAMROC: or else it would be revealed
(89:02 / All) NotAlIOrcs: no, we have no main
(89:06 / All) TC)Turtle: no mains
(89:09 / All) NotAlIOrcs: we'll get revealed
(89:12 / All) DON-BON-WONG: ojs pally
(89:12 / All) TC)Turtle: so you guys have a main somewhere
(89:14 / All) DON-BON-WONG: washard ot kill
(89:20 / All) DON-BON-WONG: oj i wanted ur pally dead all game : (
(89:25 / All) TC)Turtle: lmao
(89:33 / All) DON-BON-WONG: reds dk was easy to kill
(89:38 / All) TC)Turtle: 45 second sheild
(89:47 / All) WELCOMEToJAMROC: we have no main
(89:51 / All) NotAlIOrcs: level 3 divine shield is ridiculous
(89:52 / All) TC)Turtle: bubble and run like a little bitch, the paladin way
(89:57 / All) DON-BON-WONG: what level did ur pally get. devotion aura hard to kill him if he had it
(90:01 / All) NotAlIOrcs: wow so neither of us can kill each other purp
(90:12 / All) WELCOMEToJAMROC: u have a main
(90:16 / All) DON-BON-WONG: cant believe 6/8 dstillhere
(90:27 / All) NotAlIOrcs: my whole team has 0 food
(90:29 / All) WELCOMEToJAMROC: u have units
(90:31 / All) DON-BON-WONG: just in time for monday night football
(90:32 / All) NotAlIOrcs: and no mains, 0/0
(90:33 / All) NotAlIOrcs: no
(90:41 / All) NotAlIOrcs: We have nothing
(90:43 / All) DON-BON-WONG: hehas no burrows look
(90:44 / All) TC)Turtle: we have nothing, we have towers and a few scrap buildings
(90:55 / All) TC)Turtle: so you guys cant make anything?
(91:05 / All) NotAlIOrcs: we can't make anything, can you guys?
(91:16 / All) DON-BON-WONG: negative. i guess ojs bm killed my hall/burrows when i was watching pregame
(91:27 / All) NotAlIOrcs: jesus christ I can't believe i let it die
(91:35 / All) TC)Turtle: damnit pink
(91:37 / All) TC)Turtle: lol
(91:39 / All) NotAlIOrcs: this is unbelievable
(91:44 / All) DON-BON-WONG: i didnt have my sh on hold. so ur towers brought it to low hp
(91:46 / All) NotAlIOrcs: like
(91:50 / All) NotAlIOrcs: what are the chances of this happening
(91:56 / All) TC)Turtle: how were you not watching
(91:56 / All) NotAlIOrcs: never seen anything like it
(92:02 / All) NotAlIOrcs: I was talking to purple
(92:04 / All) NotAlIOrcs: about martial arts
(92:07 / All) DON-BON-WONG: i just looked away a second
(92:22 / All) WELCOMEToJAMROC: im out
(92:27 / All) TC)Turtle: gg
(92:29 / All) DON-BON-WONG: well im gonna watch monday night football. hope u guys are still here. not let like we can hurt each others buildings
(92:29 / All) NotAlIOrcs: why
(92:32 / All) WELCOMEToJAMROC: not worth waiting for a win
(92:34 / All) NotAlIOrcs: it's up to who leaves last now
(92:36 / All) NotAlIOrcs: it's a standoff
(92:38 / All) NotAlIOrcs: you could be 3-1
(92:41 / All) TC)Turtle: im gonna go eat dinner.
(92:49 / All) NotAlIOrcs: man I guess I'l leave too, orange vs blue and green then
(92:54 / All) NotAlIOrcs: gl guys
(92:59 / All) DON-BON-WONG: its me and blue, vs red orange
(93:01 / All) DON-BON-WONG: Good luck
(93:18 / All) NotAlIOrcs: gg!!
(126:37 / All) DON-BON-WONG: anyone here?
(126:39 / All) DON-BON-WONG: if it matters
(126:48 / All) DON-BON-WONG: i meant thursday night football, not Monday night
(134:12 / All) spyfly123: anyone else here?
(141:01 / All) DON-BON-WONG: yea still here
(141:07 / All) DON-BON-WONG: check chat log lawl
(162:50 / All) spyfly123: lol
(162:52 / All) spyfly123: wtf
(162:58 / All) spyfly123: NEVER GIVE UP
(163:05 / All) spyfly123: FUCK YOU RED
(163:22 / All) spyfly123: How did pink's bm die?
(165:25 / All) spyfly123: epic game
(165:27 / All) spyfly123: still going on
(165:34 / All) spyfly123: THAT'S HOW EPIC IT IS
(208:14 / All) DON-BON-WONG: sup lol
(208:44 / All) DON-BON-WONG: don't let red win, blue
(208:46 / All) DON-BON-WONG: no matter
(208:49 / All) DON-BON-WONG: this is a matter of pride
(208:57 / All) DON-BON-WONG: he was an arrogant bastard
(266:18 / All) spyfly123: holy shit
(266:20 / All) spyfly123: still here
(266:34 / All) spyfly123: red you miserable prick
(268:28 / All) spyfly123: i will never leave this game, red
(268:37 / All) spyfly123: green might, idk
(268:41 / All) spyfly123: but i won't
(268:44 / All) spyfly123: so you might as well go
(268:52 / All) spyfly123: cut your losses
(306:00 / All) DON-BON-WONG: LOL
(306:05 / All) DON-BON-WONG: beat his ass, blue
(306:12 / All) DON-BON-WONG: red does not deserve this
(306:47 / All) DON-BON-WONG: ill leave wc3 on all night too but my network isn't 100% stable.
(307:00 / All) DON-BON-WONG: if its still on in morning ill tell you guys what im gonna eat for breakfast
(312:27 / All) spyfly123: lol, it's us 2 vs him
(312:30 / All) DON-BON-WONG: sup lawl
(312:32 / All) spyfly123: the odds are on our side
(312:33 / All) DON-BON-WONG: im browsing
(312:34 / All) spyfly123: YO
(312:41 / All) DON-BON-WONG: hows it going
(312:45 / All) DON-BON-WONG: red is a prick
(312:47 / All) spyfly123: i'm streaming the sopranos
(312:50 / All) DON-BON-WONG: nice
(312:56 / All) DON-BON-WONG: i never got into it. only watched 3 episodes
(312:56 / All) spyfly123: lol
(313:05 / All) DON-BON-WONG: should give it more of a try
(313:09 / All) spyfly123: great show
(313:12 / All) DON-BON-WONG: i love hbo shows
(313:19 / All) DON-BON-WONG: deadwood, got, rome, curb your enthu
(313:27 / All) spyfly123: rome was great
(313:33 / All) DON-BON-WONG: first season was amazing
(313:37 / All) spyfly123: they cut it 2 whole seasons short
(313:38 / All) DON-BON-WONG: titus pollo was awesome
(313:52 / All) spyfly123: lucius vorenus
(314:04 / All) spyfly123: dude, spartcaus
(314:06 / All) DON-BON-WONG: didnt he screw his sister
(314:09 / All) spyfly123: best show ever made
(314:20 / All) spyfly123: nah
(314:24 / All) DON-BON-WONG: i herd spartcaus has a couple weak episodes to start out then gets amazing
(314:35 / All) spyfly123: it's just fighting and orgies
(314:40 / All) spyfly123: that's the whole show
(314:47 / All) spyfly123: but it never gets old
(314:57 / All) spyfly123: and the dialogue is hysterical
(315:05 / All) DON-BON-WONG: there is so many damn shows to watch now
(315:08 / All) DON-BON-WONG: overwhelming
(315:28 / All) DON-BON-WONG: u see westword yet, new hbo show
(315:34 / All) DON-BON-WONG: westworld*
(315:35 / All) spyfly123: nope
(315:45 / All) spyfly123: it's rated highly, no?
(316:05 / All) DON-BON-WONG: some kind of sci fi future shows with humans/human robots in a wild west setting . hard to describe. only one ep so far
(316:20 / All) spyfly123: funky premise
(316:24 / All) DON-BON-WONG: good acting, not sure how good show will be
(316:27 / All) spyfly123: has potential
(316:33 / All) spyfly123: maybe
(316:43 / All) spyfly123: i just finished star trek: ds9
(316:55 / All) spyfly123: so i'm done with sci fi for now, lol
(317:01 / All) DON-BON-WONG: i want to get into star trek and all those battlestar galactica but have no idea where to start
(317:07 / All) DON-BON-WONG: firefly still my fav
(317:16 / All) spyfly123: firefly was great
(317:18 / All) spyfly123: too short
(317:28 / All) DON-BON-WONG: stupid fox didnt fund it
(317:31 / All) spyfly123: they made a film too, serenity
(317:47 / All) DON-BON-WONG: yea, hard to believe that was back in 2005
(317:54 / All) spyfly123: for sure
(318:07 / All) spyfly123: so with star trek, just start with tng
(318:29 / All) spyfly123: original series is too dated for me
(318:33 / All) DON-BON-WONG: i liked the new movies, shame that mechanic character died IRL
(318:44 / Allies) spyfly123: oh wow
(319:09 / All) DON-BON-WONG: forgot his char name. skinny small caucasian. nice guy
(320:06 / All) spyfly123: too lazy to google search
(320:29 / All) spyfly123: btw, how did pink lose his bm
(320:38 / All) spyfly123: that would have won him the game
(321:34 / All) DON-BON-WONG: died to my tower i think my sh brought him to low hp
(322:07 / All) DON-BON-WONG: i really wasn't paying attention. took away control cuz purple was messing with my stuff
(322:37 / All) spyfly123: yeah, i was going to ask for control back
(322:43 / All) spyfly123: to get my heroes from the tavern
(323:05 / All) DON-BON-WONG: we cannot let red win
(323:12 / All) DON-BON-WONG: my net is not completely reliable
(323:22 / All) spyfly123: my net will hold up
(323:40 / All) spyfly123: time warner cable
(323:50 / All) spyfly123: nyc
(323:56 / All) DON-BON-WONG: i hope so. red was too disrespectful to deserve this win
(324:00 / All) DON-BON-WONG: im in cali
(324:19 / All) spyfly123: internet in cali should be fine
(324:28 / All) spyfly123: it's midwest where it becomes an issue
(324:30 / All) Apocalypse(SoD): guess what
(324:32 / All) DON-BON-WONG: rural internet so its not stable like fiber
(324:35 / All) Apocalypse(SoD): red has another computer
(324:38 / All) Apocalypse(SoD): he can play wc on
(324:41 / All) Apocalypse(SoD): fuck u nigs
(324:43 / All) DON-BON-WONG: lawl .
(324:48 / All) DON-BON-WONG: ur goign down homeboy
(324:49 / All) spyfly123: red
(324:50 / All) DON-BON-WONG: its 2v1
(324:54 / All) Apocalypse(SoD): lmao
(324:55 / All) spyfly123: you don't understand
(324:55 / All) Apocalypse(SoD): idgaf
(325:02 / All) spyfly123: how fuckin serious i am
(325:04 / All) spyfly123: about staying
(325:07 / All) Apocalypse(SoD): lol
(325:09 / All) spyfly123: i will stay
(325:10 / All) Apocalypse(SoD): it's cool bro
(325:14 / All) Apocalypse(SoD): i can go for days
(325:20 / All) Apocalypse(SoD): my uptime
(325:20 / All) spyfly123: until my hard drive dies
(325:23 / All) Apocalypse(SoD): is 15days
(325:36 / All) spyfly123: lol
(325:38 / All) DON-BON-WONG: we're gonna summon the weather gods to strike down a telephone line near you red
(325:46 / All) spyfly123: what's your state
(325:55 / All) Apocalypse(SoD): tx
(325:56 / All) spyfly123: that has this god like connection
(325:59 / All) spyfly123: hmm
(326:03 / All) spyfly123: nyc baby
(326:04 / All) Apocalypse(SoD): i can always talk to my buddy demon
(326:08 / All) Apocalypse(SoD): and ddos you
(326:13 / All) DON-BON-WONG: who?
(326:18 / All) Apocalypse(SoD): demon
(326:27 / All) spyfly123: is that his real name
(326:35 / All) spyfly123: lol
(326:36 / All) DON-BON-WONG: isn't ddos illegal?
(327:04 / All) Apocalypse(SoD): no
(327:07 / All) spyfly123: i mean you can pay 20 bucks for a website to do that
(327:08 / All) Apocalypse(SoD): afk movie
(327:28 / All) spyfly123: kinda hard to ddos somebody solo though
(327:45 / All) DON-BON-WONG: hes prob watching peppa pig
(328:11 / All) spyfly123: probably
(328:18 / All) spyfly123: how long has this game been going on
(328:28 / All) DON-BON-WONG: uh
(328:41 / All) DON-BON-WONG: i know when i left it was 530 pacific. we prob started at 4pm pacific
(328:51 / All) DON-BON-WONG: so 5-6 hours prob
(328:53 / All) spyfly123: at least 5 hours
(328:56 / All) spyfly123: lol
(329:04 / All) spyfly123: and probably another 9
(329:09 / All) spyfly123: before red leaves
(329:23 / All) spyfly123: which he will
(329:32 / All) DON-BON-WONG: or he'll sick "demon" on us
(329:50 / All) spyfly123: lol
(330:10 / All) spyfly123: this is my desktop pc
(330:17 / All) spyfly123: i can leave it running forever
(330:38 / All) DON-BON-WONG: same. bbrowsing on gamefaqs right now. looking at certain rpgs
(330:54 / All) spyfly123: they don't make rtses like this anymore
(330:59 / All) spyfly123: sc2 didn't cut it for me
(331:05 / All) DON-BON-WONG: i got bored of sc2in the beta
(331:18 / All) spyfly123: same
(331:24 / All) spyfly123: 12 years of development
(331:26 / All) DON-BON-WONG: first time i did 4v4 someone was talking in mic. scared the heck out of me
(331:28 / All) spyfly123: for destructible rocks
(331:32 / All) spyfly123: lol
(331:53 / All) spyfly123: i never used that feature
(332:12 / All) spyfly123: feels weird for rtses
(332:27 / All) DON-BON-WONG: what other games you into . im playing this free to play mmo neverwitner on my ps4. kind of is generic
(332:43 / All) spyfly123: well
(332:54 / All) spyfly123: for rtses
(332:59 / All) spyfly123: wargame: red dragon
(333:03 / All) spyfly123: rome 2
(333:20 / All) spyfly123: dawn of war
(333:28 / All) spyfly123: sorry, men of war
(333:40 / All) spyfly123: then skyrim
(333:53 / All) spyfly123: csgo
(333:57 / All) DON-BON-WONG: im on the cusp of getting fallout 4. not sure if i should
(334:08 / All) spyfly123: i loved fallout 3
(334:26 / All) spyfly123: but have been holding off on fallout 4 too
(334:34 / All) DON-BON-WONG: 3 was cool
(334:58 / All) DON-BON-WONG: lawl
(335:09 / All) DON-BON-WONG: i bet you red never left once
(335:12 / All) DON-BON-WONG: and is still here
(335:19 / All) spyfly123: lurking
(335:36 / All) spyfly123: red, do you live next to a bayou
(335:54 / All) spyfly123: it might flood soon
(336:09 / All) spyfly123: and flood your house
(336:13 / All) spyfly123: and then you'll have to log out
(337:07 / All) spyfly123: k, i'm going to sleep
(337:14 / All) spyfly123: i'll see you in the morning, maybe
(337:34 / All) spyfly123: if red is still stubborn
(338:01 / All) DON-BON-WONG: yea see you as well
(497:53 / All) Apocalypse(SoD): victory
(503:44 / All) Apocalypse(SoD): crazy
(503:49 / All) Apocalypse(SoD): crazy for feeling so lonely
(503:52 / All) Apocalypse(SoD): im crazy
(503:57 / All) Apocalypse(SoD): crazy for feelin so blue
(503:58 / All) Apocalypse(SoD): i knew
(504:01 / All) Apocalypse(SoD): you loved me
(504:04 / All) Apocalypse(SoD): as long as you wanted
(504:08 / All) Apocalypse(SoD): and then someday
(504:15 / All) Apocalypse(SoD): you'd leave me for somebody new
(504:32 / All) Apocalypse(SoD): crazy for tryin
(504:35 / All) Apocalypse(SoD): crazy for lyin
(504:38 / All) Apocalypse(SoD): and i'm crazy
(504:41 / All) Apocalypse(SoD): for lovin you
(809:13 / All) spyfly123: good morning America
(948:54 / All) DON-BON-WONG: awake too. gonna watch "the ranch," netflix original with my dad pretty soon. season 2 just came on today
(1112:10 / All) spyfly123: huh, haven't seen that yet either
(1112:21 / All) spyfly123: i can't believe this is still happening, btw
(1113:04 / All) spyfly123: hope windows doesn't come out with an update
(1142:05 / All) Apocalypse(SoD): my windows updated yesterday i'm good for atleast a week
(1144:49 / All) Apocalypse(SoD): don-bon-wong
(1165:51 / All) spyfly123: god damn it
(1192:07 / All) DON-BON-WONG: dont let windows update automatically reboot ur comp blue. we cant let this prick win
(1241:25 / All) spyfly123: never surrender
(1255:50 / Allies) spyfly123: woah green
(1255:55 / Allies) spyfly123: you lagged for a second
(1256:01 / Allies) spyfly123: my heart skipped
(1256:18 / Allies) spyfly123: this battle of attrition is taking a toll
(1256:24 / Allies) spyfly123: stay strong
(1279:22 / All) DON-BON-WONG: lawl. im gonna wtach replay eventually at 8x. i bet you red is selecting buildings nonstop every couple min to try to trick u
(1279:25 / All) DON-BON-WONG: us
(1321:29 / Allies) spyfly123: damn, this isn't easy
(1321:36 / Allies) spyfly123: i thought he would have left by now
(1321:43 / Allies) spyfly123: game's gone on nearly 24 hours
(1322:13 / All) spyfly123: i've imagined before being in a game that lasted for days or weeks or months
(1322:20 / All) spyfly123: never thought it would actually happen, lol
(1405:23 / All) DON-BON-WONG: the force is strong with red
(1405:42 / All) DON-BON-WONG: Fear not, though. he is the dark side and we are teh light. Light side always prevails
(1409:35 / Allies) spyfly123: i have a plan
(1409:44 / Allies) spyfly123: from now on, keep all chat between us
(1409:53 / Allies) spyfly123: and don't ever say anything to red
(1410:07 / Allies) spyfly123: that way he'll think we never come back to check if the game is over
(1410:46 / Allies) spyfly123: what do you think?
(1424:11 / All) Apocalypse(SoD): i'm gettin some chinese
(1424:14 / All) Apocalypse(SoD): yall want some
(1426:03 / Allies) DON-BON-WONG: aight
(1426:05 / Allies) DON-BON-WONG: smart idea
(1575:26 / Allies) spyfly123: \
(1603:37 / Allies) DON-BON-WONG: my internet may have to go offline for a bit tonight. would you still duke it out vs red if that happens, friend
(1629:31 / Allies) spyfly123: for sure
(1629:42 / Allies) spyfly123: you held out as long as you could
(1629:49 / Allies) spyfly123: i'll hold down the fort
(1644:49 / Allies) DON-BON-WONG: thx man. ill try to stick it out a bit more. we are at like a 28 hour game so far
(1729:12 / Allies) DON-BON-WONG: good luck blue! go get em!